 Dungeon Crawl Stone Soup version 0.21.1-1-g345015f (webtiles) character file.

123 diana the Sneak (level 4, -5/34 HPs)
             Began as a Vampire Assassin on May 25, 2018.
             Slain by a goblin (6 damage)
             ... led by Robin
             ... on level 3 of the Dungeon.
             The game lasted 00:10:21 (2155 turns).

diana the Sneak (Vampire Assassin)                  Turns: 2155, Time: 00:10:21

Health: -5/34      AC:  5    Str: 10    XL:     4   Next: 80%
Magic:  4/4        EV: 13    Int: 13    God:
Gold:   103        SH:  0    Dex: 16    Spells: 3/3 levels left

rFire    . . .     SeeInvis +   s - +1 dagger (freeze)
rCold    + + +     Gourm    .   (no shield)
rNeg     + + +     Faith    .   c - +0 robe
rPois    ∞         Spirit   .   (no helmet)
rElec    .         Reflect  .   d - +0 cloak
rCorr    .         Harm     .   i - +0 pair of gloves
MR       .....                  j - +0 pair of boots
Stlth    +++++++...             (no amulet)
HPRegen  0.00/turn              q - ring of protection from cold
MPRegen  0.09/turn              w - ring of stealth

@: bloodless, non-regenerating
A: fangs 3, see invisible, unbreathing
a: Bat Form


You were on level 3 of the Dungeon.
You were bloodless.

You visited 1 branch of the dungeon, and saw 3 of its levels.

You collected 103 gold pieces.

Inventory:

Hand Weapons
 a - a +2 dagger
 b - a +0 blowgun
 s - a +1 dagger of freezing (weapon)
Missiles
 e - 8 poisoned needles
 f - 6 curare-tipped needles
 r - 2 tomahawks (quivered)
Armour
 c - a +0 robe (worn)
 d - a +0 cloak (worn)
 i - a +0 pair of gloves (worn)
 j - a +0 pair of boots (worn)
Jewellery
 q - a ring of protection from cold (left hand)
 w - a ring of stealth (right hand)
Scrolls
 m - 5 scrolls of identify
 p - a scroll of immolation {unknown}
 t - a scroll of blinking {unknown}
 u - a scroll of enchant armour {unknown}
 x - a scroll of teleportation {unknown}
Potions
 g - 25 potions of blood
 h - a potion of lignification {unknown}
 l - a potion of might {unknown}
 n - 2 potions of flight {unknown}
 o - 2 potions of mutation {unknown}
 v - a potion of resistance {unknown}


   Skills:
 + Level 2.3 Fighting
 * Level 3.5 Short Blades
 - Level 1.5 Throwing
 + Level 2.3 Dodging
 * Level 7.3 Stealth


You had 3 spell levels left.
You didn't know any spells.

Dungeon Overview and Level Annotations

Branches:
Dungeon (3/15)

Altars:
Okawaru
Ru

Annotations:
D:3 Rekenzichi's ghost, amateur DrSk; Robin


Innate Abilities, Weirdness & Mutations

You do not heal naturally.
You are immune to poison.
You have razor-sharp teeth.
You have supernaturally acute eyesight. (SInv)
You can survive without breathing.


Message History

The rat bites you but does no damage. The goblin misses you.
The goblin hits you with a club.
* * * LOW HITPOINT WARNING * * *
You see here a dagger.
The goblin barely misses you. Robin throws the goblin at you!
You barely miss the goblin. The hobgoblin completely misses you.
The goblin hits you but does no damage. The goblin hits you with a club.
* * * LOW HITPOINT WARNING * * *
You closely miss the goblin. Your bite misses the goblin.
The goblin completely misses you. Robin throws the goblin at you!
The goblin completely misses you. The hobgoblin barely misses you.
You hit the goblin. You freeze the goblin.
The goblin is severely wounded.
The goblin hits you but does no damage. The goblin closely misses you.
The ball python closely misses you. The ball python misses you.
The goblin hits you but does no damage.
You barely miss the goblin.
The goblin is severely wounded.
The hobgoblin closely misses you. The goblin hits you.
You die...

o........o......#.#
o..##.g.........#..#
...##........)..##.#
o..##...........# r.
g####.$.........# #.# .#
#...........# .# .#
#############
.###################.#.#
...).$.......Wrg@g......
#############g.Sgg###...g...
........# #...g......>g....
#######.# #......###.......
......#.# #......# .......
.####.#.# #......# .......
.# #.#.# #......# .r..... .#
#.#.# #......###.......
.####.#.# #.#...))g.......#


You could see Robin, Rekenzichi's ghost, 2 hobgoblins, 3 goblins, a ball python
and a rat.

Vanquished Creatures
  3 adders
  A shadow imp (D:2)
  A worm (D:3)
  4 dart slugs (D:1)
  3 leopard geckos (D:1)
  An orc (D:3)
  2 ball pythons (D:2)
  6 bats
  4 giant cockroaches
  17 goblins
  5 hobgoblins
  3 jackals (D:1)
  5 kobolds
  4 quokkas
  8 frilled lizards
  5 rats
72 creatures vanquished.

Notes
Turn   | Place    | Note
-------+----------+-------------------------------------------
     0 | D:1      | diana the Vampire Assassin began the quest for the Orb.
     0 | D:1      | Reached XP level 1. HP: 16/16 MP: 1/1
    71 | D:1      | Reached skill level 6 in Stealth
   116 | D:1      | Reached XP level 2. HP: 12/22 MP: 2/2
   414 | D:1      | Reached XP level 3. HP: 22/27 MP: 3/3
  1436 | D:2      | Reached XP level 4. HP: 33/33 MP: 4/4
  1521 | D:2      | Reached skill level 7 in Stealth
  1580 | D:2      | Found a sacrificial altar of Ru.
  1713 | D:2      | Found an iron altar of Okawaru.
  1971 | D:3      | Noticed Robin
  2062 | D:3      | Noticed Rekenzichi's ghost (amateur DrSk)
  2152 | D:3      | HP: 1/34 [goblin/club[Robin] (2)]
  2155 | D:3      | Slain by a goblin

Skill      XL: |  1  2  3  4 |
---------------+-------------+-----
Stealth        | 6 7 |  7.3
Fighting       | 2 |  2.3
Short Blades   | 3 |  3.5
Dodging        | 2 |  2.3
Throwing       | |  1.5

Action                   |  1- 3 |  4- 6 || total
-------------------------+-------+-------++-------
Melee: Dagger            |   163 |    74 ||   237
       Bite              |    17 |     5 ||    22
  Use: Scroll            |       |     2 ||     2
 Stab: Sleeping          |     8 |    10 ||    18
Armor: Robe              |    78 |    25 ||   103
Dodge: Dodged            |   132 |    48 ||   180
